 Dungeon Crawl Stone Soup version 0.28.0-45-g0d030f2227 (webtiles) character file.

Game seed: 18175247478959266370

9 NinjaNoafa the Shield-Bearer (level 2, 25/27 HPs)
             Began as a Deep Dwarf Fighter on Apr 20, 2022.
             Quit the game on level 1 of the Dungeon.
             The game lasted 00:01:08 (87 turns).

NinjaNoafa the Shield-Bearer (Deep Dwarf Fighter)     Turns: 87, Time: 00:01:09

Health: 25/27      AC:  6    Str: 19    XL:     2   Next: 3%
Magic:  2/2        EV:  9    Int:  8    God:
Gold:   8          SH:  4    Dex: 12    Spells: 1/1 levels left

rFire   . . .      SeeInvis .   a - +0 war axe
rCold   . . .      Faith    .   c - +0 buckler
rNeg    . . .      Spirit   .   b - +0 scale mail
rPois   .          Reflect  .   (no helmet)
rElec   .          Harm     .   (no cloak)
rCorr   .          Rampage  .   (no gloves)
Will    .....                   (no boots)
Stlth   ..........              (no amulet)
HPRegen 0.00/turn               (no ring)
MPRegen 0.08/turn               (no ring)

@: no status effects
A: damage resistance, heal wounds, sense surroundings 1, no regeneration
a: Heal Wounds


You were on level 1 of the Dungeon.
You visited 1 branch of the dungeon, and saw 1 of its levels.

You collected 8 gold pieces.

Inventory:

Hand Weapons
 a - a +0 war axe (weapon)
Missiles
 f - 4 stones
Armour
 b - a +0 scale mail (worn)
 c - a +0 buckler (worn)
Scrolls
 e - a scroll of noise {unknown}
 g - a scroll of vulnerability {unknown}
Potions
 d - a potion of might


   Skills:
 + Level 2.8 Fighting
 + Level 2.4 Axes
 + Level 3.4 Armour
 + Level 3.4 Shields


You had one spell level left.
You didn't know any spells.
Your spell library contained the following spells:

 Spells                   Type           Power      Damage    Failure   Level
 Corpse Rot               Necr/Air       0%         N/A       95%         2
 Poisonous Vapours        Pois/Air       0%         N/A       95%         2


Dungeon Overview and Level Annotations

Branches:
Dungeon (1/15)

Altars:


Innate Abilities, Weirdness & Mutations

You are resistant to damage.
You can heal yourself by infusing magical energy.
You passively map a small area around you.
You do not regenerate.


Message History

The ball python constricts you. The ball python barely misses you.
The ball python constricts you.
You hit the ball python but do no damage.
A hobgoblin comes into view.
You block the ball python's attack. The ball python constricts you.
The kobold throws a stone.
The stone hits you but does no damage.
The hobgoblin moves out of view.
You slash the ball python!
You kill the ball python!
The kobold throws a stone.
The stone closely misses you.
Found 7 gold pieces.
The kobold throws a stone.
The stone hits you. You block the kobold's attack.
Okay, then.
Okay, then.
Okay, then.
Okay, then.
You closely miss the kobold. The kobold hits you but does no damage.
You closely miss the kobold.
The kobold hits you but does no damage. x2
You miss the kobold. The kobold hits you but does no damage.
You slash the kobold!
You kill the kobold!
Found a book of Vapours.
Things that are here:
a +0 short sword; 4 stones; a kobold corpse
f - 4 stones You hit the hobgoblin.
You kill the hobgoblin!
You have reached level 2!
g - a scroll labelled ZYCZES JUAGOE
Found a scroll labelled SUIXKA ZEHYDIN.
A rat comes into view.
Found a stone staircase leading down.
A ball python comes into view.
The ball python hisses angrily.
You see here a book of Vapours.
You pick up a book of Vapours and begin reading...
You add the spells Poisonous Vapours and Corpse Rot to your library.
Okay, then.
Unknown command.
Are you sure you want to abandon this character and quit the game? (Confirm with "yes".)

, * *####
##############....# *
##.....##...........
#...S.@............ *
#..................#
#......r$........####
#....................
,
#................#####
#.....?...............
#................####
* ##>...........).##
*#............##


You could see a ball python and a rat.

Vanquished Creatures
  A goblin (D:1)
  A hobgoblin (D:1)
  A kobold (D:1)
  2 quokkas (D:1)
  2 ball pythons (D:1)
7 creatures vanquished.

Notes
Turn   | Place    | Note
-------+----------+-------------------------------------------
     0 | D:1      | NinjaNoafa the Deep Dwarf Fighter began the quest for the
                  | Orb.
     0 | D:1      | Reached XP level 1. HP: 20/20 MP: 1/1
    77 | D:1      | Reached XP level 2. HP: 25/27 MP: 2/2
    87 | D:1      | Quit the game

Illustrated notes

Levels and vault maps discovered:
D:1:      amcnicky_arrival_gap_in_the_tavern_cellar, layout_rooms,
          hellmonk_ecumenical_altar_run_dry

Action                   || total
-------------------------++-------
Melee: War axe           ||    21
Armor: Scale mail        ||    13
Dodge: Dodged            ||     8
Block: Buckler           ||     9
